 Dungeon Crawl Stone Soup version 0.24-a0-194-g9bee6eb (webtiles) character file.

Game seed: 9992097280828256257

46 Lanoc the Chopper (level 3, -4/30 HPs)
             Began as a Draconian Gladiator on Mar 18, 2019.
             Slain by a worm (9 damage)
             ... on level 2 of the Dungeon.
             The game lasted 00:01:15 (727 turns).

Lanoc the Chopper (Draconian Gladiator)              Turns: 727, Time: 00:01:16

Health: -4/30      AC:  5    Str: 16    XL:     3   Next: 44%
Magic:  3/3        EV: 13    Int:  8    God:
Gold:   36         SH:  0    Dex: 13    Spells: 2/2 levels left

rFire    . . .     SeeInvis .   a - +0 war axe
rCold    . . .     Gourm    .   (no shield)
rNeg     . . .     Faith    .   (armour unavailable)
rPois    .         Spirit   .   b - +0 hat
rElec    .         Reflect  .   (no cloak)
rCorr    .         Harm     .   (no gloves)
MR       .....                  (no boots)
Stlth    +.........             (no amulet)
HPRegen  0.10/turn              (no ring)
MPRegen  0.08/turn              (no ring)

@: no status effects
A: unfitting armour, cold-blooded, AC +5
a: no special abilities


You were on level 2 of the Dungeon.
You were not hungry.

You visited 1 branch of the dungeon, and saw 2 of its levels.

You collected 36 gold pieces.

Inventory:

Hand Weapons
 a - a +0 war axe (weapon)
Missiles
 c - 3 throwing nets (quivered)
Armour
 b - a +0 hat (worn)
Scrolls
 e - 3 scrolls of remove curse {unknown}
 g - a scroll of blinking {unknown}
 h - a scroll of identify {unknown}
 i - a scroll of fog {unknown}
 k - a scroll of teleportation {unknown}
 l - a scroll of immolation {unknown}
Potions
 f - a potion of might {unknown}
Comestibles
 d - a ration
 j - 3 chunks of flesh


   Skills:
 + Level 2.8 Fighting
 * Level 3.8 Axes
 - Level 1.7 Throwing
 + Level 3.1 Dodging


You had 2 spell levels left.
You didn't know any spells.
Your spell library was empty.

Dungeon Overview and Level Annotations

Branches:
Dungeon (2/15)

Altars:


Innate Abilities, Weirdness & Mutations

Your plain brown scales are hard. (AC +5)
You cannot fit into any form of body armour.
You are cold-blooded and may be slowed by cold attacks.


Message History

The worm is moderately wounded.
The worm bites you.
You slash the worm!
The worm is severely wounded.
You hit the worm but do no damage.
The worm is severely wounded.
The worm bites you.
You hit the worm.
The worm is severely wounded.
The worm bites you!
You are too injured to fight recklessly!
You are too injured to fight recklessly!
You hit the worm but do no damage. You tail-slap the worm.
The worm is severely wounded.
The worm bites you!
* * * LOW HITPOINT WARNING * * *
You hit the worm but do no damage.
The worm is severely wounded.
The worm bites you!
You die...

........
#...###............#
...................#
#...###. ..........# ..
#(..+ ..........# ...
#...######.........#....
#......#..........$#....
....##.#....#...w.......
....##.#....##..@.......
....##.#....##..........
...............%........
......................##
...#....#.............#
...#....#...............
# ##..###....##+#......
.)...................
###...................


You could see a worm.

Vanquished Creatures
  Robin (D:2)
  An ooze (D:1)
  A worm (D:2)
  A giant cockroach (D:1)
  4 hobgoblins (D:2)
  A kobold (D:1)
  5 bats (D:1)
  11 goblins
  A rat (D:1)
26 creatures vanquished.

Notes
Turn   | Place    | Note
-------+----------+-------------------------------------------
     0 | D:1      | Lanoc the Draconian Gladiator began the quest for the Orb.
     0 | D:1      | Reached XP level 1. HP: 17/17 MP: 1/1
   226 | D:1      | Reached XP level 2. HP: 25/25 MP: 2/2
   350 | D:2      | Noticed Robin
   360 | D:2      | Reached XP level 3. HP: 15/30 MP: 3/3
   361 | D:2      | Killed Robin
   405 | D:2      | HP: 1/30 [worm (8)]
   727 | D:2      | Slain by a worm

Levels and vault maps discovered:
D:1:      eino_arrival_cavern_b, layout_loops_cross
D:2:      layout_basic, uniq_robin

Skill      XL: |  1  2 |
---------------+-------+-----
Dodging        | 3 |  3.1
Fighting       | |  2.8
Axes           | |  3.8
Throwing       | |  1.7

Action                   || total
-------------------------++-------
Melee: War axe           ||    50
       Tailslap          ||     9
Armor: Skin              ||    20
Dodge: Dodged            ||    40

Table legend:
 A = Non-vault XP
 B = Vault XP
 C = Vault XP percentage of total XP
 D = Non-vault monster count
 E = Vault monster count
 F = Vault count percentage of total count
                 A         B        C        D         E       F
            +---------+---------+-------+---------+---------+-------
      Total |      27 |      39 |  59.1 |      13 |      13 |  50.0
            +---------+---------+-------+---------+---------+-------
        D:1 |      22 |       0 |   0.0 |      12 |       0 |   0.0
        D:2 |       5 |      39 |  88.6 |       1 |      13 |  92.9
            +---------+---------+-------+---------+---------+-------
